[Event "GX Alekhine Torneio Interno 2023"]
[Site "GXA, Portugal"]
[Date "????.??.??"]
[Round "1.1"]
[White "Corentin, Louis"]
[Black "Goncalves, Carlos Manuel Marqu"]
[Result "1-0"]
[TimeControl "1h 30m +30s"]
[WhiteElo "2054"]
[BlackElo "1499"]

1. f4 d5 2. Nf3 e6 3. g3 Nf6 4. Bg2 Be7 5. O-O O-O 6. d3 c6 7. e3 Re8 8. Nc3 Nbd7 9. e4 dxe4 10.
dxe4 Qb6+ 11. Kh1 Ng4 12. Qe2 e5 13. f5 h6 14. h3 Ngf6 15. g4 Nh7 16. h4 Ndf6 17. Nxe5 Qc7 18. Bf4 Bd6 19.
Nd3 Bxf4 20. Nxf4 b5 21. a3 a5 22. Qf3 Bb7 23. Nd3 b4 24. axb4 axb4 25. Nxb4 Rxa1 26. Rxa1 c5 27. Nbd5 Qe5 28.
Rd1 Nxd5 29. exd5 Nf6 30. g5 hxg5 31. hxg5 Nh7 32. Ne4 Rd8 33. g6 fxg6 34. fxg6 Nf8 35. Qf7+ Kh8 36. Rd3 1-0

[Event "GX Alekhine Torneio Interno 2023"]
[Site "GXA, Portugal"]
[Date "????.??.??"]
[Round "1.2"]
[White "Marques, Goncalo Jose Costa Ca"]
[Black "Gorgojo Freijo, Diego"]
[Result "0-1"]
[TimeControl "1h 30m +30s"]
[WhiteElo "1456"]
[BlackElo "1889"]

1. e4 c5 2. Nf3 e6 3. d4 cxd4 4. Nxd4 a6 5. Nc3 b5 6. Be3 Bb7 7. f3 Qc7 8. Qd2 Nf6 9. Bd3 b4 10.
Nce2 d5 11. exd5 Nxd5 12. Bf2 Nd7 13. O-O Rc8 14. Rfe1 Bd6 15. Ng3 O-O 16. Rad1 Ne5 17. Be4 Nc4 18. Qc1 Bf4 19. Qa1 Rfd8 20.
Nde2 Bd2 21. Rf1 Nde3 22. Bxb7 Qxb7 23. Ne4 Nxf1 24. Rxf1 Ne3 25. Bxe3 Bxe3+ 26. Kh1 f5 27. N4g3 Rxc2 28.
h3 Rdd2 29. Rd1 Qd5 30. Rxd2 Rxd2 0-1

[Event "GX Alekhine Torneio Interno 2023"]
[Site "GXA, Portugal"]
[Date "????.??.??"]
[Round "1.3"]
[White "Reis, Luis Simoes Dos"]
[Black "Correia, Pedro Mourao Soares"]
[Result "0-1"]
[TimeControl "1h 30m +30s"]
[WhiteElo "1788"]
[BlackElo "1437"]

1. d4 c5 2. c3 Nf6 3. Bf4 Nc6 4. e3 d5 5. Nd2 Qb6 6. Qb3 c4 7. Qc2 Nh5 8. Bg5 e6 9. Be2 Nf6 10.
Bf4 Be7 11. h3 Qd8 12. Ngf3 Bd6 13. Bxd6 Qxd6 14. e4 Qf4 15. e5 Nd7 16. O-O O-O 17. b3 b5 18. a4 bxa4 19. bxc4 f6 20.
cxd5 exd5 21. Bd3 fxe5 22. Bxh7+ Kh8 23. dxe5 Nb6 24. Bd3 Bf5 25. Bxf5 Qxf5 26. Qxf5 Rxf5 27. Nd4 Nxd4 28. cxd4 Rf4 29.
Nf3 Kg8 30. Rfc1 Re4 31. Rc7 Re2 32. Ng5 Rf8 33. f3 Rd2 34. Ne6 Rf7 35. Rxf7 Kxf7 36. Nd8+ Ke8 37. Nc6 a6 38. Nb4 Rxd4 39.
Nxa6 Ke7 40. Nc5 Rc4 41. Nd3 Rc3 42. Nc1 d4 43. Ne2 Rc4 44. Rd1 Ke6 45. f4 Kd5 46. g4 Nd7 47. Kf2 Nc5 48.
Kf3 a3 49. Nc1 Rc3+ 50. Ke2 Kc4 51. Rd2 Rxc1 52. f5 Rh1 53. e6 Rxh3 54. g5 Re3+ 55. Kd1 Nxe6 56. fxe6 Rxe6 57. Kc2 Rb6 58.
Kc1 Rb3 59. Rf2 Rg3 60. Kb1 Rxg5 61. Ka2 Kc3 62. Rf3+ d3 63. Rh3 Kc2 64. Kxa3 d2 0-1

[Event "GX Alekhine Torneio Interno 2023"]
[Site "GXA, Portugal"]
[Date "????.??.??"]
[Round "2.1"]
[White "Lucio, Jorge Manuel Rodrigues"]
[Black "Corentin, Louis"]
[Result "0-1"]
[TimeControl "1h 30m +30s"]
[WhiteElo "1718"]
[BlackElo "2054"]

1. d4 d6 2. c4 Nf6 3. Nc3 Bf5 4. f3 Nbd7 5. e4 Bg6 6. Bd3 e5 7. d5 Be7 8. Nge2 h6 9. Be3 Nh7 10.
O-O Bg5 11. Bf2 O-O 12. b4 f5 13. exf5 Bxf5 14. Bxf5 Rxf5 15. Qd3 Rf7 16. Ne4 Be7 17. N2c3 Nhf6 18. Nxf6+ gxf6 19. Qg6+ Rg7 20.
Qxh6 Nb6 21. Qd2 Nxc4 22. Qd3 Nb6 23. a4 Qd7 24. a5 Nc8 25. a6 b6 26. Rfd1 f5 27. g3 Bg5 28. Ra2 Ne7 29.
Rc2 Ng6 30. Nb5 e4 31. fxe4 fxe4 32. Qe2 e3 33. Be1 Nf4 34. gxf4 Bxf4+ 35. Kh1 Qf5 36. Rc4 Rf8 37. Bc3 Be5 38.
Bxe5 Qxe5 39. Rcd4 Rf2 0-1

[Event "GX Alekhine Torneio Interno 2023"]
[Site "GXA, Portugal"]
[Date "????.??.??"]
[Round "2.2"]
[White "Gorgojo Freijo, Diego"]
[Black "Dias, Antonio Alberto"]
[Result "1-0"]
[TimeControl "1h 30m +30s"]
[WhiteElo "1889"]
[BlackElo "1709"]

1. d4 Nf6 2. Nf3 g6 3. Nbd2 Bg7 4. e4 d6 5. Bd3 Nc6 6. c3 e5 7. O-O O-O 8. Re1 Nh5 9. Nb3 Kh8 10.
Bb5 Ne7 11. dxe5 dxe5 12. Qxd8 Rxd8 13. Ng5 Kg8 14. Bc4 Rf8 15. Nc5 b6 16. Nd3 a5 17. Nf3 Nc6 18. Bd5 Bb7 19. Bxc6 Bxc6 20.
Nfxe5 Bb5 21. g4 Nf6 22. f3 Rad8 23. Nf2 Nd7 24. Nxd7 Rxd7 25. Bf4 f6 26. Kg2 Rff7 27. Rad1 Bf8 28.
Rxd7 Rxd7 29. Rd1 Bd6 30. Bxd6 cxd6 31. Rd4 Kf7 32. Nd1 Bc6 33. Ne3 b5 34. a4 Ke6 35. axb5 Bxb5 36. Rd5 Rb7 37.
h4 a4 38. Rd4 Bc6 39. Rd2 Rb5 40. Nc2 Kd7 41. Nb4 f5 42. exf5 gxf5 43. g5 Rc5 44. Rd4 a3 45. bxa3 Rxc3 46.
Nxc6 Rxc6 47. Ra4 Rc7 48. Kg3 Ke6 49. Kf4 Rb7 50. Ra5 Rc7 51. Ra8 Rc4+ 52. Kg3 d5 53. Ra7 d4 54. Kf2 d3 55.
Rxh7 d2 56. Ke2 Rd4 57. Kd1 Rc4 1-0

[Event "GX Alekhine Torneio Interno 2023"]
[Site "GXA, Portugal"]
[Date "????.??.??"]
[Round "2.3"]
[White "Silva, Reinaldo Joao David Bat"]
[Black "Seia, Joao Manuel Barradas Aragao"]
[Result "1-0"]
[TimeControl "1h 30m +30s"]
[WhiteElo "1763"]
[BlackElo "1609"]

1. d4 d5 2. g3 Nf6 3. Bg2 g6 4. c4 c6 5. Nc3 Bg7 6. cxd5 cxd5 7. Qa4+ Bd7 8. Qb3 Bc6 9. Nf3 O-O 10.
Ne5 e6 11. O-O Nbd7 12. Nxc6 bxc6 13. e3 c5 14. Rd1 c4 15. Qa3 Nb6 16. e4 h6 17. b3 Re8 18. Qa6 Qc8 19. Qxc8 Rexc8 20. exd5 Nfxd5 21. Nb5 a6 22. Nd6 Rc6 23. bxc4 Nxc4 24. Ne4 Rac8 25. Rb1 f5 26. Nc5 Bxd4 27. Rxd4 Rxc5 28. Bxh6 Nc3 29.
Re1 e5 30. Rd7 Nxa2 31. Bd5+ Rxd5 32. Rxd5 Nc3 33. Rd7 a5 34. Bd2 Ne4 35. Bc1 Rb8 36. f3 Nf6 37. Rc7 Rb4 38. Rd1 Kf8 39.
Rd8+ Ne8 40. Rcc8 a4 41. Rxe8+ Kf7 42. Bg5 Rb7 43. Rf8+ Ke6 44. Rxc4 Rb1+ 45. Kg2 Rb2+ 46. Kh3 a3 47.
Ra4 a2 48. Rfa8 Kd5 1-0

[Event "GX Alekhine Torneio Interno 2023"]
[Site "GXA, Portugal"]
[Date "????.??.??"]
[Round "2.4"]
[White "Vedor, Bernardo Marques"]
[Black "Aguiar, Carlos Alberto Branco"]
[Result "1-0"]
[TimeControl "1h 30m +30s"]
[WhiteElo "1650"]
[BlackElo "1731"]

1. e4 c5 2. Nf3 d6 3. d4 cxd4 4. Nxd4 Nf6 5. Nc3 a6 6. f3 e5 7. Nb3 Be6 8. Be3 Be7 9. Qd2 Qc7 10.
O-O-O b5 11. Kb1 Nbd7 12. Qf2 Rc8 13. g4 Nc5 14. g5 Nfd7 15. h4 Nb6 16. Nd5 Bxd5 17. exd5 Nc4 18. Bxc4 bxc4 19.
Nxc5 dxc5 20. Qd2 Bd6 21. Qc3 O-O 22. Qxc4 Qb7 23. h5 f5 24. g6 h6 25. Qb3 Qxb3 26. cxb3 c4 27. bxc4 Rxc4 28.
Rc1 Rb4 29. Rc6 Be7 30. Re6 Rb7 31. d6 Bf6 32. Rh2 e4 33. fxe4 fxe4 34. Rf2 Bg5 35. Rxf8+ Kxf8 36. Bc5 1-0

[Event "GX Alekhine Torneio Interno 2023"]
[Site "GXA, Portugal"]
[Date "????.??.??"]
[Round "3.1"]
[White "Corentin, Louis"]
[Black "Silva, Lourenco Santa Clara Co"]
[Result "1-0"]
[TimeControl "1h 30m +30s"]
[WhiteElo "2054"]
[BlackElo "1731"]

1. f4 d5 2. Nf3 g6 3. g3 Bg7 4. Bg2 Nf6 5. d3 O-O 6. O-O c5 7. c3 Nc6 8. Na3 a6 9. Ne5 e6 10.
Nxc6 bxc6 11. e4 Rb8 12. e5 Nd7 13. Qe2 Re8 14. Qf2 a5 15. Be3 Qe7 16. Rac1 Ba6 17. Rfd1 Rec8 18. Rc2 Rc7 19.
d4 c4 20. g4 Nb6 21. f5 Qd8 22. f6 Bf8 23. Rf1 Kh8 24. Qh4 Na4 25. Rf3 Bxa3 26. bxa3 Rb1+ 27. Bf1 Qb8 28. Rh3 Qg8 29.
Bh6 Qe8 30. Bg7+ Kg8 31. Qxh7# 1-0

[Event "GX Alekhine Torneio Interno 2023"]
[Site "GXA, Portugal"]
[Date "????.??.??"]
[Round "3.2"]
[White "Curado, Manuel Joao Ferro"]
[Black "Gorgojo Freijo, Diego"]
[Result "0-1"]
[TimeControl "1h 30m +30s"]
[WhiteElo "1721"]
[BlackElo "1889"]

1. b4 d5 2. Bb2 Nd7 3. Nf3 Ngf6 4. e3 g6 5. Be2 Bg7 6. O-O O-O 7. c4 c6 8. d4 Nb6 9. Nbd2 h6 10.
a3 Bf5 11. Ne5 Ne4 12. g4 Nxd2 13. Qxd2 Be6 14. cxd5 cxd5 15. Rac1 Bxe5 16. dxe5 Qd7 17. h3 h5 18. f3 hxg4 19.
hxg4 Na4 20. Bd4 Rfc8 21. Kg2 b5 22. Rh1 Kg7 23. f4 Rxc1 24. Rxc1 f6
25. exf6+ exf6 26. g5 Nb6 27. Bxf6+ Kf8 28. Rh1 Nc4 29. Qd3 Qe8 30. Rh8+ Bg8 31.
Kf3 Qe4+ 32. Qxe4 dxe4+ 33. Kxe4 Nxa3 34. Bg4 Re8+ 35. Kf3 Nc4 36. Bd7 Rxe3+ 37.
Kg4 Nd6 38. Bc6 Nf5 39. Bf3 Rb3 40. Be5 Rd3 0-1

[Event "GX Alekhine Torneio Interno 2023"]
[Site "GXA, Portugal"]
[Date "????.??.??"]
[Round "3.3"]
[White "Vedor, Bernardo Marques"]
[Black "Silva, Reinaldo Joao David Bat"]
[Result "1/2-1/2"]
[TimeControl "1h 30m +30s"]
[WhiteElo "1650"]
[BlackElo "1763"]

1. e4 c5 2. Nf3 Nc6 3. d4 cxd4 4. Nxd4 g6 5. c4 Nf6 6. Nc3 d6 7. Be2 Bg7 8. Be3 O-O 9. O-O Nxd4 10.
Bxd4 Be6 11. Rc1 Qa5 12. f3 Rfc8 13. b3 a6 14. Qd2 b5 15. cxb5 axb5 16. Rfd1 b4 17. Na4 Nd7 18. Bxg7 Kxg7 19.
Rc2 Rc7 20. Rxc7 Rc8 1/2-1/2

[Event "GX Alekhine Torneio Interno 2023"]
[Site "GXA, Portugal"]
[Date "????.??.??"]
[Round "4.1"]
[White "Gorgojo Freijo, Diego"]
[Black "Corentin, Louis"]
[Result "0-1"]
[TimeControl "1h 30m +30s"]
[WhiteElo "1889"]
[BlackElo "2054"]

1. d4 Nf6 2. Nf3 g6 3. Nbd2 c5 4. dxc5 Qa5 5. c3 Qxc5 6. e4 d6 7. Bc4 Bg7 8. Qe2 O-O 9. O-O Nbd7 10.
Nb3 Qc7 11. Nbd4 a6 12. Ne6 fxe6 13. Bxe6+ Kh8 14. Ng5 Ne5 15. f4 Bxe6 16. Nxe6 Qc4 17. Qxc4 Nxc4 18. b3 Rfc8 19. bxc4 Nxe4 20.
Nxg7 Kxg7 21. Rb1 Rab8 22. Rb4 a5 23. Ra4 b6 24. Be3 Kf6 25. Rb1 Nc5 26. Ra3 Kf5 27. g3 e5 28. fxe5 dxe5 29.
Rf1+ Ke4 30. Bxc5 Rxc5 31. Rf7 Rxc4 32. Rb3 Ke3 33. Kg2 e4 34. Rxh7 Rd8 35. Rxb6 Rd2+ 36. Kh3 Rxa2 37. Rxg6 a4 38.
Rd6 a3 39. Rd1 Ra4 40. Rf7 Re2 41. Rff1 a2 42. g4 Rf2 43. Rg1 Kf4 44. g5 Ra8 45. Rg4+ Kf5 46. Ra1 Rh8+ 47. Kg3 Rhxh2 48. Rh4 0-1

[Event "GX Alekhine Torneio Interno 2023"]
[Site "GXA, Portugal"]
[Date "????.??.??"]
[Round "4.2"]
[White "Silva, Reinaldo Joao David Bat"]
[Black "Pereira, Jose Antonio Gomes De"]
[Result "1-0"]
[TimeControl "1h 30m +30s"]
[WhiteElo "1763"]
[BlackElo "1519"]

1. Nf3 d5 2. e3 Nf6 3. c4 e6 4. Nc3 c6 5. d4 Be7 6. a3 a5 7. Bd3 dxc4 8. Bxc4 Nbd7 9. O-O Nd5 10.
e4 Nxc3 11. bxc3 b5 12. Bd3 Nb6 13. Ne5 Bb7 14. f4 Na4 15. Qb3 O-O 16. f5 exf5 17. Rxf5 Bf6 18. Be3 g6 19. Rxf6 Qxf6 20.
Nd7 Qe6 21. Qxe6 fxe6 22. Nxf8 Rxf8 23. Bd2 Nc5 24. Bc2 Nd7 25. Bb3 Re8 26. Rf1 a4 27. Ba2 Kg7 28. e5 c5 29. Rb1 Bc6 30.
Be3 c4 31. Rf1 Rf8 32. Bf4 h6 33. h4 Be4 34. g3 Kh7 35. Re1 Bd3 36. Bb1 Bf5 37. Bxf5 gxf5 38. Rb1 Rb8 39. d5 Nc5 40. Be3 Nd3 41. dxe6 Re8 42. Rxb5 Rxe6 43. Bd4 Kg6 44. Ra5 Nb2 45.
Kg2 f4 46. gxf4 Kf5 47. Kf3 h5 48. Ra8 Rg6 49. Rf8+ Ke6 50. f5+ Ke7 51. Rb8 Rg4 52. Rxb2 Rxh4 53. f6+ Ke6 54. Rb6+ Kf5 55.
f7 Rh3+ 56. Kg2 Kg5 57. f8=Q Kh4 58. Qf4# 1-0

[Event "GX Alekhine Torneio Interno 2023"]
[Site "GXA, Portugal"]
[Date "????.??.??"]
[Round "5.1"]
[White "Corentin, Louis"]
[Black "Silva, Reinaldo Joao David Bat"]
[Result "1-0"]
[TimeControl "1h 30m +30s"]
[WhiteElo "2054"]
[BlackElo "1763"]

1. f4 Nf6 2. Nf3 d5 3. g3 e6 4. Bg2 c5 5. O-O Nc6 6. d3 Be7 7. e4 dxe4 8. dxe4 Qxd1 9. Rxd1 Nxe4 10.
Ne5 Nxe5 11. fxe5 f5 12. Bxe4 fxe4 13. Nc3 O-O 14. Nxe4 Rf5 15. Nd6 Rxe5 16. Bf4 Re2 17. Re1 Rxe1+ 18. Rxe1 Bxd6 19. Bxd6 c4 20. Kf2 Bd7 21. Ke3 Bc6 22. Kd4 Bd5 23. Ke5 Rd8 24. Rf1 h6 25. h4 b5 26. g4 a5 27.
c3 Rd7 28. Rf8+ Kh7 29. Rb8 Rf7 30. Bc5 h5 31. gxh5 Rf5+ 32. Kd6 Rxh5 33. Rxb5 a4 34. Ra5 Rxh4 35. Rxa4 Rh2 36. Rb4 g5 37.
Bd4 Kg6 38. b3 Rxa2 39. bxc4 Ra6+ 40. Ke5 Bf3 41. Rb8 g4 42. Rg8+ Kf7 43. Rg5 Be2 44. c5 Bf3 45. Kf4 Be2 46.
Rg7+ Kf8 47. Rc7 Ra2 48. c6 Ra6 49. Ke5 Ra5+ 50. Kxe6 Ra8 51. Rh7 Bc4+ 52. Kf6 Ra6 53. Rh8+ Bg8 54.
Bc5+ 1-0

[Event "GX Alekhine Torneio Interno 2023"]
[Site "GXA, Portugal"]
[Date "????.??.??"]
[Round "5.3"]
[White "Curado, Manuel Joao Ferro"]
[Black "Silva, Lourenco Santa Clara Co"]
[Result "0-1"]
[TimeControl "1h 30m +30s"]
[WhiteElo "1721"]
[BlackElo "1731"]

1. b4 e5 2. Bb2 Bxb4 3. f4 d6 4. fxe5 dxe5 5.
Bxe5 Nf6 6. Nf3 Nc6 7. Bb2 O-O 8. g3 Re8 9. Bg2 Bc5 10. Nc3 Ng4 11. e3 Bf5 12. O-O Qd7 13. Ne2 Bxe3+ 14. dxe3 Qxd1 15. Rfxd1 Nxe3 16. Nf4 Nxd1 17. Rxd1 Bxc2 18. Rd7 Re7 19. Rxe7 Nxe7 20.
Nd4 Ba4 21. Nh5 f6 22. Ne6 Kf7 23. Nhxg7 Bd7 24. Bh3 Rg8 25. Kg2 Rxg7 26. Nxg7 Bxh3+ 27. Kxh3 Kxg7 28. Kg4 Kg6 29. h4 h5+ 30.
Kf4 c5 31. Ke4 b5 32. Bc1 Kf7 33. Be3 c4 34. Bxa7 Ke6 35. a3 Nd5 36. Bd4 f5+ 37. Kf3 Kd7 38. Ke2 Kc6 39. Kd2 Kb7 40.
Kc2 Ka6 41. Bc5 Ka5 42. Kd2 Nf6 43. Bb4+ Ka4 44. Kc2 Ne4 0-1

[Event "GX Alekhine Torneio Interno 2023"]
[Site "GXA, Portugal"]
[Date "????.??.??"]
[Round "5.4"]
[White "Zhang, Xin An"]
[Black "Lucio, Jorge Manuel Rodrigues"]
[Result "1/2-1/2"]
[TimeControl "1h 30m +30s"]
[WhiteElo "1584"]
[BlackElo "1718"]

1. d4 Nf6 2. Nf3 g6 3.
Nbd2 Bg7 4. e4 d6 5. Bd3 O-O 6. O-O Nc6 7. c3 e5 8. dxe5 Nxe5 9. Nxe5 dxe5 10. Qc2 Qe7 11. Rd1 c6 12.
Nc4 Nh5 13. Be3 b6 14. f3 Be6 15. Rd2 Bf6 16. Rad1 Qc7 17. Bf1 Rad8 18. Rxd8 Rxd8 19. Rxd8+ Bxd8 20. Qd2 1/2-1/2

[Event "GX Alekhine Torneio Interno 2023"]
[Site "GXA, Portugal"]
[Date "????.??.??"]
[Round "6.3"]
[White "Gorgojo Freijo, Diego"]
[Black "Silva, Reinaldo Joao David Bat"]
[Result "0-1"]
[TimeControl "1h 30m +30s"]
[WhiteElo "1889"]
[BlackElo "1763"]

1. d4 Nf6 2. Nf3 g6 3. Nbd2 Bg7 4. e4 d6 5. c3 c6 6. Bc4 O-O 7. O-O d5 8. exd5 cxd5 9. Bd3 Nc6 10.
Re1 Re8 11. Bb5 Bg4 12. h3 Bxf3 13. Nxf3 Nd7 14. Bf4 Qb6 15. Ba4 Qxb2 16. Rb1 Qxc3 17. Re3 Qa5 18. Rxb7 Ndb8 19. Rb5 Qd8 20.
Rc5 e5 21. dxe5 Re6 22. Rxd5 Qb6 23. Rb3 Qa6 24. Rd8+ Bf8 25.
Bh6 Nxd8 26. Qxd8 Nd7 27. Qxa8 Qxa4 28. Bxf8 Nxf8 29. Rb7 Qf4 30. Rxa7 Qc1+ 31. Kh2 Qf4+ 32. g3 Qf5 33. Ra4 Qc2 34.
Kg2 Kg7 35. Nd4 Qd1 36. Nxe6+ Nxe6 37. Qf3 Qxa4 38. Qf6+ Kf8 39. Qh8+ Ke7 40. Qf6+ Ke8 41. Qh8+ Nf8 42. e6 Qe4+ 43.
Kh2 Qxe6 44. Qb2 Nd7 45. a4 Qe5 46. Qb4 Qc5 47. Qe4+ Kd8 48. Qa8+ Kc7 49. Qf3 Ne5 50. Qf6 Qd6 51.
Qf4 Kc6 52. Qc1+ Qc5 53. Qf4 Kb6 54. Qf6+ Ka5 55. Qd8+ Kxa4 56. Qd1+ Kb4 57. Qb1+ Kc4 58. Qe4+ Qd4 59. Qc2+ Kd5 60. Qb3+ Kd6 61. Qb8+ Ke6 62. Qe8+ Kf6 63. Kg2 Qe4+ 64.
Kf1 Qd3+ 65. Kg2 Qf3+ 66. Kf1 Qh1+ 67. Ke2 Qxh3 68. Qh8+ Ke6 69. Qc8+ Nd7 70. Qe8+ Kf6 71. Qh8+ Kg5 72.
Qd8+ Kh5 73. Ke1 Qh1+ 74. Ke2 Qe4+ 75. Kf1 Qg4 76. Kg2 f6 77. f3 Qe6 78. Qa5+ Kh6 79. Qd2+ g5 80. Qf2 Ne5 81.
Qe3 Kg6 82. Qe4+ f5 83. Qa8 g4 84. f4 Qc6+ 85. Qxc6+ Nxc6 86. Kf2 0-1

[Event "GX Alekhine Torneio Interno 2023"]
[Site "GXA, Portugal"]
[Date "????.??.??"]
[Round "7.1"]
[White "Ramos, Caetano Da Motta Lima S"]
[Black "Corentin, Louis"]
[Result "1/2-1/2"]
[TimeControl "1h 30m +30s"]
[WhiteElo "1606"]
[BlackElo "2054"]

1. e4 Nf6 2. e5 Nd5 3. d4 d6 4. Nf3 dxe5 5. Nxe5 c6 6. Be2 Bf5 7. O-O Nd7 8. Nf3 e6 9. c4 N5f6 10.
Nc3 Be7 11. Be3 h6 12. Rc1 O-O 13. h3 Qc7 14. a3 Rad8 15. b4 e5 16. d5 Ne4 17. Qb3 Nxc3 18. Rxc3 Bg6 19. dxc6 bxc6 20.
Nd2 Nf6 21. Qa4 Nh5 22. Nb3 Nf4 23. Bxf4 exf4 24. c5 Bf6 25. Rcc1 Be4 26. Rfd1 f3 27. Bxf3 Bxf3 28. gxf3 Qf4 29.
Qxc6 Be5 30. Rxd8 Rxd8 31. Kf1 Bb2 32. Rb1 Qc4+ 33. Kg2 Qxb3 34. Qc7 Rd5 35. Qb7 Rg5+ 36. Kh1 Qe6 37. Qa8+ Kh7 38.
Qe4+ Qxe4 39. fxe4 Bxa3 40. c6 Rg6 41. b5 Bd6 42. Ra1 Bb8 43. Rxa7 Rg5 44. b6 Rc5 45. c7 Bxc7 46. Rxc7 Rb5 47.
b7 Kg6 48. Kg2 Kf6 49. h4 Ke6 50. Kf3 Rb3+ 51. Kg4 g6 52. f4 f6 53. h5 f5+ 54. exf5+ gxf5+ 55. Kh4 Kd5 56. Re7 Kd4 57.
Re5 Rxb7 58. Rxf5 Ke4 59. Rf6 Rg7 60. Rxh6 Kxf4 61. Rf6+ Ke5 62. Rf8 Rg1 63. h6 Ke6 64. Kh5 Ke7 65.
Rf4 Rh1+ 66. Rh4 Rxh4+ 67. Kxh4 Kf7 1/2-1/2

[Event "GX Alekhine Torneio Interno 2023"]
[Site "GXA, Portugal"]
[Date "????.??.??"]
[Round "7.2"]
[White "Silva, Reinaldo Joao David Bat"]
[Black "Silva, Lourenco Santa Clara Co"]
[Result "1-0"]
[TimeControl "1h 30m +30s"]
[WhiteElo "1763"]
[BlackElo "1731"]

1. Nf3 d5 2. g3 Nf6 3. Bg2 Bf5 4. O-O e6 5. c4 h6 6. Qb3 Qc8 7. cxd5 exd5 8. Nc3 c6 9. d3 Be7 10.
e4 dxe4 11. Nd4 Bh7 12. dxe4 O-O 13. e5 Nfd7 14. Bh3 Qc7 15. e6 Nc5 16. exf7+ Kh8 17. Qd1 Rxf7 18. Qh5 Rf6 19. Bf4 Qd8 20.
Be5 Rf8 21. b4 Qe8 22. Qxe8 Rxe8 23. bxc5 Bxc5 24. Ne6 Bb6 25. Na4 Na6 26. Nxb6 axb6 27. Rfe1 Re7 28. Bxg7+ Rxg7 29. Nxg7 Kxg7 30.
Re7+ Kh8 31. Rae1 Nc5 32. Re8+ Rxe8 33. Rxe8+ Kg7 34. Re7+ Kh8 35. Bc8 Bg8 36. Bxb7 Bxa2 37. Bxc6 Bc4 38.
Rc7 Ne6 39. Rb7 1-0

[Event "GX Alekhine Torneio Interno 2023"]
[Site "GXA, Portugal"]
[Date "????.??.??"]
[Round "7.3"]
[White "Vedor, Bernardo Marques"]
[Black "Zhang, Xin An"]
[Result "1/2-1/2"]
[TimeControl "1h 30m +30s"]
[WhiteElo "1650"]
[BlackElo "1584"]

1. e4 c5 2. Nf3 e6 3. d4 cxd4 4. Nxd4 a6 5. c4 Nf6 6. Nc3 Qc7 7. a3 b6 8. Be3 Bb7 9. f3 Be7 10.
Be2 O-O 11. O-O Bd6 12. Kh1 Be7 13. Rc1 d6 14. b4 Nbd7 15. Qd2 Rac8 16. Rfd1 Rfe8 17. Nb3 Qb8 18. Na4 Bc6 19. Nb2 h5 20.
c5 bxc5 21. Bxa6 Bb7 22. Bxb7 Qxb7 23. Na5 Qb5 24. a4 Qxb4 25. Qxb4 cxb4 26. Nc6 Kf8 27. Nxb4 Rxc1 28. Rxc1 d5 29. Nc6 Ba3 30. Rb1 Rc8 31. Nd4 Re8 32. Nc6 Rc8 33. Nd4 1/2-1/2